 Dungeon Crawl Stone Soup version 0.17.2-1-ge4368a0 (webtiles) character file.

87 daftwullie the Cudgeler (level 4, 0/45 HPs)
             Began as an Ogre Warper on Feb 9, 2017.
             Succumbed to a gnoll's poison
             ... on level 1 of the Dungeon on Feb 10, 2017.
             The game lasted 00:23:33 (2448 turns).

daftwullie the Cudgeler (Ogre Warper)               Turns: 2448, Time: 00:23:34

Health: 0/45       AC:  3    Str: 16    XL:     4   Next: 51%
Magic:  3/8        EV: 10    Int: 11    God:
Gold:   94         SH:  0    Dex:  9    Spells: 3 memorised, 4 levels left

rFire  . . .     SeeInvis .     a - +0 mace
rCold  . . .     Clarity  .     b - +0 robe
rNeg   . . .     SustAt   .     (no shield)
rPois  .         Gourm    .     (helmet restricted)
rElec  .         Spirit   .     (no cloak)
rCorr  .         Warding  .     (gloves unavailable)
rMut   .         Stasis   .     (boots unavailable)
MR     .....                    (no amulet)
Stlth  +.........               (no ring)
                                (no ring)

@: lethally poisoned (0 -> -27), shrouded (expiring), not resistant to hostile
enchantments, very unstealthy
A: unfitting armour, dopey 1, tough skin 1, no device heal 1
a: no special abilities


You were on level 1 of the Dungeon.
You were not hungry.

You visited 1 branch of the dungeon, and saw 3 of its levels.

You collected 94 gold pieces.

Inventory:

Hand Weapons
 a - a +0 mace (weapon)
Missiles
 g - 58 stones (quivered)
Armour
 b - a +0 robe (worn)
Scrolls
 d - a scroll of blinking
 n - a scroll of amnesia {unknown}
 o - a scroll of noise {unknown}
 p - a scroll of fog {unknown}
 q - 2 scrolls of identify {unknown}
Potions
 h - a potion of mutation
 i - a potion of flight {unknown}
 l - a potion of magic {unknown}
 r - a potion of haste {unknown}
Books
 c - a book of Spatial Translocations

   Spells                             Type                      Level
   a - Apportation                    Translocation                1
   b - Blink                          Translocation                2
   c - Shroud of Golubria             Charms/Translocation         2
   d - Portal Projectile              Translocation                3
   e - Teleport Other                 Translocation                3
   f - Passage of Golubria            Translocation                4
Comestibles
 f - a bread ration


   Skills:
 + Level 3.0 Fighting
 * Level 3.4 Maces & Flails
 * Level 2.2 Throwing
 - Level 2.1 Dodging
 * Level 3.0 Spellcasting
 * Level 2.8 Translocations


You had 4 spell levels left.
You knew the following spells:

 Your Spells              Type           Power        Failure   Level  Hunger
a - Apportation           Tloc           #.........   10%         1    #......
b - Blink                 Tloc           N/A          14%         2    ###....
c - Shroud of Golubria    Chrm/Tloc      #.........   24%         2    ###....


Dungeon Overview and Level Annotations

Branches:
Dungeon (3/15)

Altars:


Innate Abilities, Weirdness & Mutations

You are too large for most types of armour.
You have tough skin (AC +1).
You are dopey. (Int -2)
Potions and wands are less effective at restoring your health.


Message History

The gnoll is severely wounded.
The gnoll barely misses you.
You completely miss the gnoll.
The gnoll is severely wounded.
Your shroud begins to fray at the edges.
The gnoll hits you with a whip of venom.
* * * LOW HITPOINT WARNING * * *
You are lethally poisoned!
You hit the gnoll but do no damage.
The gnoll is severely wounded.
* * * LOW HITPOINT WARNING * * *
You feel sick.
The gnoll hits you with a whip of venom!
* * * LOW HITPOINT WARNING * * *
You are more poisoned.
Drink which item? (? for menu, Esc to quit)
It was a potion of mutation.
You feel extremely strange.
You feel stupid.
Your system partially rejects artificial healing.
You die...

........###.###.#####...##.#
#####........g.............#
#..####.###.#####...#### #####..#
##..#.## ##.## .......###.#..##
#.# ######....###.# #.#
##########.#)### ##.##
.............).######.>.#
###########.##.#@g....((# ##...##
#.##.#.####...#########
#.....####.##.#.# #####........
#..........##.#.########.####.##
#.....#######........)...# ##.##
##...## ###.############...#
##.###########.# ##.#.#.
####)#...........##########.##.##
.....##..#######.................


You could see a gnoll.

Vanquished Creatures
  2 gnolls (D:1)
  3 adders
  A worm (D:1)
  A giant gecko (D:1)
  2 hobgoblins (D:2)
  A jackal (D:1)
  11 bats
  3 giant cockroaches
  A giant newt (D:1)
  5 goblins
  4 kobolds
  5 rats
39 creatures vanquished.

Notes
Turn   | Place    | Note
--------------------------------------------------------------
     0 | D:1      | daftwullie the Ogre Warper began the quest for the Orb.
     0 | D:1      | Reached XP level 1. HP: 22/22 MP: 3/3
   259 | D:1      | Reached XP level 2. HP: 23/29 MP: 5/5
   266 | D:1      | Learned a level 2 spell: Blink
   269 | D:1      | Learned a level 2 spell: Shroud of Golubria
   944 | D:1      | Reached skill level 3 in Fighting
   944 | D:1      | Reached XP level 3. HP: 31/37 MP: 7/7
  1584 | D:1      | Reached XP level 4. HP: 14/45 MP: 3/8
  2447 | D:1      | HP: 1/45 [gnoll/whip of venom (7)]
  2448 | D:1      | Gained mutation: You are dopey. (Int -2) [potion of mutation]
  2448 | D:1      | Gained mutation: Potions and wands are less effective at restoring your health. [potion of mutation]
  2448 | D:1      | Succumbed to a gnoll's poison

Action                   |  1- 3 |  4- 6 || total
-------------------------+-------+-------++-------
Melee: Mace              |   131 |    57 ||   188
Throw: Stone             |    37 |     7 ||    44
       Tomahawk          |     5 |       ||     5
 Cast: Shroud of Golubri |     6 |     7 ||    13
       Blink             |     1 |     1 ||     2
  Use: Scroll            |     4 |       ||     4
       Potion            |       |     4 ||     4
 Stab: Sleeping          |     1 |       ||     1
  Eat: Chunk             |     2 |     1 ||     3
       Bread ration      |       |     1 ||     1
       Pizza             |       |     1 ||     1
